 Dungeon Crawl Stone Soup version 0.18-a0-1405-g73f4075 (webtiles) character file.

117 SirLighteater the Sneak (level 4, -24/33 HPs)
             Began as a Vampire Assassin on Feb 24, 2016.
             Killed from afar by an adder (28 damage)
             ... with an exploding inner flame
             ... hexed by the player character
             ... on level 4 of the Dungeon.
             The game lasted 00:18:50 (2009 turns).

SirLighteater the Sneak (Vampire Assassin)          Turns: 2009, Time: 00:18:50

Health: -24/33     AC:  4    Str: 16    XL:     4   Next: 71%
Magic:  4/4        EV: 12    Int: 13    God:
Gold:   90         SH:  0    Dex: 16    Spells: 0 memorised, 3 levels left

rFire  . . .     SeeInvis +     u - +0 falchion
rCold  . . .     Gourm    .     v - +0 leather armour
rNeg   + . .     Faith    .     (no shield)
rPois  .         Spirit   .     (no helmet)
rElec  .         Dismiss  .     d - +0 cloak
rCorr  .         Reflect  .     (no gloves)
SustAt .         Harm     .     (no boots)
MR     +....                    (no amulet)
Stlth  ++++......               z - +6 ring of strength
                                x - ring of protection from magic

@: lethally poisoned (-24 -> -40), somewhat resistant to hostile enchantments,
stealthy
A: fangs 3, see invisible, unbreathing
a: Bat Form


You were on level 4 of the Dungeon.
You were not thirsty.

You visited 1 branch of the dungeon, and saw 4 of its levels.

You collected 90 gold pieces.

Inventory:

Hand Weapons
 a - a +2 dagger
 b - a +0 blowgun
 p - a +0 short sword
 s - a +0 dagger
 u - a +0 falchion (weapon)
 w - a +0 rapier
Missiles
 e - 24 poisoned needles
 f - 2 curare-tipped needles
 h - 57 arrows
Armour
 c - a +0 robe
 d - a +0 cloak (worn)
 i - a +0 ring mail
 l - a +0 ring mail
 n - a +0 chain mail
 q - a +0 ring mail
 r - a +0 robe
 v - a +0 leather armour (worn)
Jewellery
 x - a ring of protection from magic (left hand)
 z - a +6 ring of strength (right hand)
Scrolls
 j - a scroll of identify
 m - a scroll of recharging
 A - a scroll of fear {unknown}
Potions
 g - a potion of blood
 k - a potion of lignification {unknown}
 o - 2 potions of degeneration {unknown}
 t - a potion of curing


   Skills:
 + Level 2.2 Fighting
 + Level 2.8 Short Blades
 + Level 2.0 Throwing
 + Level 0.8 Armour
 + Level 2.1 Dodging
 + Level 7.3 Stealth


You had 3 spell levels left.
You didn't know any spells.

Dungeon Overview and Level Annotations

Branches:
Dungeon (4/15)
 Temple: D:4-7

Altars:
Fedhas
Qazlal


Innate Abilities, Weirdness & Mutations

You have razor-sharp teeth.
You have supernaturally acute eyesight.
You can survive without breathing.


Message History

The adder is severely wounded.
You feel sick. The adder barely misses you.
You miss the adder.
The adder is severely wounded.
The adder bites you but does no damage. The adder bites you.
* * * LOW HITPOINT WARNING * * *
You are lethally poisoned!
The adder poisons you!
You hit the adder.
The adder is almost dead.
* * * LOW HITPOINT WARNING * * *
You feel sick. The adder bites you.
* * * LOW HITPOINT WARNING * * *
You are more poisoned.
The adder poisons you! The adder barely misses you.
You hit the adder.
The adder explodes!
The fiery explosion engulfs you!
Ouch! That really hurt!
You die...

#..... #.###.... #.....#
#.#.....# #.....###
##.......# #..<....#
#...#...##
#.....#.####..#....#
##...............#.##
##........###.....#.#.
###....§§...# #.......#.
.......@§§..# ###..#.÷..
###......§..a##.....<...
......(.....!.....###...
.###.............## #...
##........#..# #..#
#...../.....# #..#
.!......##..# #..#
.#.......#... #..# ....


You could see a worker ant (inner flame).

Vanquished Creatures
  Jessica (D:2)
  5 adders
  3 worms
  4 bats
  3 giant cockroaches
  4 hobgoblins
  3 jackals (D:2)
  3 quokkas
  A ball python (D:1)
  4 giant newts
  3 goblins
  2 kobolds
  4 rats
40 creatures vanquished.

Notes
Turn   | Place    | Note
--------------------------------------------------------------
     0 | D:1      | SirLighteater the Vampire Assassin began the quest for the Orb.
     0 | D:1      | Reached XP level 1. HP: 16/16 MP: 1/1
   227 | D:1      | Reached skill level 6 in Stealth
   599 | D:2      | Reached XP level 2. HP: 19/22 MP: 2/2
   704 | D:2      | Noticed Jessica
   729 | D:2      | Killed Jessica
   729 | D:2      | Reached XP level 3. HP: 14/27 MP: 3/3
   922 | D:2      | Found a blossoming altar of Fedhas.
   960 | D:2      | Found a stormy altar of Qazlal.
  1115 | D:3      | Reached skill level 7 in Stealth
  1115 | D:3      | Reached XP level 4. HP: 33/33 MP: 4/4
  1733 | D:3      | HP: 1/33 [adder (3)]
  2009 | D:4      | Killed from afar by an adder

Vault maps used:
D:1:      elethiomel_arrival_quiet
D:2:      grunt_temple_overflow_opulence,
          grunt_temple_overflow_forces_of_nature, xom_redecorated, first_bread,
          uniq_robin, uniq_jessica
D:3:      kennysheep_generic_room_12
D:4:      minmay_ruptured, uniq_sigmund

Skill      XL: |  1  2  3  4 |
---------------+-------------+-----
Stealth        | 6 7 |  7.3
Fighting       | 2 |  2.2
Throwing       | 2 |  2.0
Dodging        | 2 |  2.1
Short Blades   | |  2.8
Armour         | |  0.8

Action                   |  1- 3 |  4- 6 || total
-------------------------+-------+-------++-------
Melee: Dagger            |    70 |    11 ||    81
       Rapier            |       |    50 ||    50
       Falchion          |       |    18 ||    18
 Fire: Blowgun           |     9 |       ||     9
 Abil: End Transformatio |     1 |       ||     1
       Bat Form          |     1 |       ||     1
  Use: Potion            |     4 |     2 ||     6
       Scroll            |     1 |     2 ||     3
 Stab: Sleeping          |     3 |     5 ||     8
